Map: 瑟拉斯废墟

Players

Quail

  • Race: Protoss Protoss
  • League: Platinum

熊猫炮灰 - Winner!

  • Race: Protoss Protoss

VOD

Have the link to the VOD?

Description

Time

  • Played on: Dec. 3, 2015, 10:36 p.m.
  • Length: 12:05
Show
View Real Time Build Order
Export as new Build Order

Quail Protoss 

Build Orders: Nexus First 

Get SALT Encoding   

  12  0:01  Probe (Chrono Boost)  
  13  0:11  Probe (Chrono Boost)  
  14  0:18  Pylon  
  14  0:24  Probe (Chrono Boost)  
  15  0:37  Probe (Chrono Boost)  
  16  0:49  Probe (Chrono Boost)  
  17  1:00  Nexus  
  17  1:11  Gateway  
  17  1:14  Probe (Chrono Boost)  
  18  1:21  Assimilator  
  18  1:25  Assimilator  
  18  1:28  Probe (Chrono Boost)  
  19  1:39  Probe (Chrono Boost)  
  20  1:49  Probe (Chrono Boost)  
  20  1:50  Pylon  
  21  2:00  Cybernetics Core, Probe (Chrono Boost)  
  22  2:10  Probe (Chrono Boost)  
  23  2:17  Zealot (Chrono Boost)  
  25  2:23  Gateway  
  25  2:41  Stalker (Chrono Boost)  
  26  2:44  Probe  
  26  2:46  Probe  
  26  2:49  Warp Gate  
  28  3:05  Mothership Core  
  30  3:08  Stalker (Chrono Boost)  
  34  3:21  Stalker (Chrono Boost)  
  34  3:22  Probe  
  34  3:25  Pylon  
  37  3:38  Stalker (Chrono Boost)  
  37  3:40  Pylon  
  34  3:49  Stalker (Chrono Boost)  
  34  4:07  Stalker (Chrono Boost)  
  34  4:09  Pylon  
  36  4:22  Stalker (Chrono Boost)  
  38  4:25  Gateway  
  38  4:37  Stalker (Chrono Boost)  
  40  4:42  Gateway  
  40  5:03  Stalker  
  44  5:07  Stalker (Chrono Boost)  
  42  5:16  Probe  
  42  5:18  Probe  
  44  5:25  Robotics Facility  
  44  5:27  Probe (Chrono Boost)  
  44  5:29  Pylon  
  44  5:30  Probe (Chrono Boost)  
  46  5:39  Probe (Chrono Boost)  
  46  5:42  Probe (Chrono Boost)  
  48  5:50  Probe (Chrono Boost)  
  48  5:52  Probe (Chrono Boost), Twilight Council  
  50  6:00  Sentry, Probe (Chrono Boost)  
  50  6:03  Probe (Chrono Boost)  
  55  6:11  Probe (Chrono Boost)  
  55  6:13  Probe (Chrono Boost), Observer  
  57  6:21  Probe (Chrono Boost)  
  57  6:24  Stalker, Probe (Chrono Boost)  
  61  6:29  Pylon  
  61  6:32  Probe (Chrono Boost)  
  61  6:33  Probe (Chrono Boost), Pylon  
  61  6:34  Assimilator  
  61  6:38  Assimilator  
  62  6:45  Probe  
  62  6:47  Probe  
  62  6:48  Observer (Chrono Boost)  
  62  6:52  Pylon  
  62  6:53  Stalker x2  
  69  6:56  Probe  
  70  7:04  Robotics Bay  
  70  7:06  Blink (Chrono Boost)  
  70  7:12  Warp Prism  
  70  7:15  Pylon  
  69  7:45  Probe x2  
  69  7:46  Disruptor  
  74  7:57  Probe x2  
  76  8:00  Pylon  
  76  8:04  Pylon  
  76  8:10  Robotics Facility  
  76  8:13  Adept  
  76  8:14  Adept x3  
  84  8:39  Disruptor  
  84  8:42  Stalker x4  
  95  8:54  Nexus  
  95  9:03  Disruptor (Chrono Boost)  
  98  9:14  Stalker x3  
  104  9:23  Warp Prism (Chrono Boost)  
  106  9:26  Pylon  
  106  9:39  Disruptor (Chrono Boost)  
  81  9:47  Stalker x3  
  90  10:03  Disruptor (Chrono Boost)  
  90  10:07  Stalker  
  92  10:17  Stalker  
  92  10:18  Stalker  
  92  10:19  Stalker  
  96  10:22  Disruptor (Chrono Boost)  
  94  10:41  Adept x3, Disruptor (Chrono Boost)  
  97  10:53  Disruptor (Chrono Boost)  
  75  11:15  Stalker x4  
  75  11:16  Disruptor (Chrono Boost)  
  86  11:24  Disruptor (Chrono Boost)  
  89  11:29  Probe x3  
  89  11:32  Gateway  
  92  11:39  Stalker x2  
  96  11:41  Probe x2  
  83  11:54  Stalker  
  83  11:55  Stalker  
Show
View Real Time Build Order
Export as new Build Order

熊猫炮灰 Protoss - Winner!

Build Orders:  

Get SALT Encoding   

  12  0:01  Probe (Chrono Boost)  
  13  0:11  Probe (Chrono Boost)  
  14  0:18  Pylon  
  14  0:23  Probe (Chrono Boost)  
  15  0:36  Probe (Chrono Boost)  
  15  0:39  Gateway  
  16  0:47  Probe (Chrono Boost)  
  16  0:48  Assimilator  
  17  0:53  Assimilator  
  17  0:57  Probe (Chrono Boost)  
  18  1:08  Probe (Chrono Boost), Pylon  
  19  1:18  Probe (Chrono Boost)  
  20  1:27  Cybernetics Core  
  20  1:29  Probe (Chrono Boost)  
  21  1:39  Probe (Chrono Boost)  
  22  1:50  Probe (Chrono Boost)  
  23  2:03  Mothership Core (Chrono Boost)  
  23  2:04  Warp Gate  
  23  2:06  Adept  
  27  2:10  Pylon  
  27  2:12  Pylon  
  27  2:22  Probe (Chrono Boost)  
  28  2:34  Probe (Chrono Boost)  
  28  2:35  Adept (Chrono Boost)  
  31  2:43  Pylon  
  31  2:56  Pylon  
  31  2:58  Pylon  
  31  3:00  Pylon  
  31  3:18  Gateway  
  31  3:28  Adept (Chrono Boost)  
  33  3:35  Nexus  
  33  4:13  Probe  
  33  4:16  Stalker x2  
  38  4:25  Probe  
  37  4:36  Stalker  
  37  4:37  Probe  
  40  4:43  Pylon  
  40  4:47  Robotics Facility  
  40  4:49  Probe  
  40  4:50  Stalker  
  41  5:01  Gateway, Probe  
  42  5:13  Probe  
  42  5:14  Mothership Core  
  42  5:17  Sentry  
  42  5:19  Sentry  
  47  5:23  Probe  
  48  5:34  Probe  
  48  5:35  Probe  
  49  5:36  Gateway  
  49  5:39  Sentry  
  52  5:43  Pylon  
  52  5:44  Probe  
  52  5:47  Probe  
  54  6:00  Probe  
  54  6:01  Probe  
  54  6:02  Warp Prism (Chrono Boost)  
  58  6:06  Pylon  
  58  6:10  Probe  
  58  6:13  Probe  
  60  6:21  Probe  
  61  6:26  Probe  
  61  6:31  Probe  
  62  6:33  Pylon  
  62  6:34  Gateway  
  62  6:36  Forge  
  62  6:38  Probe  
  64  6:40  Twilight Council  
  64  6:42  Probe  
  64  6:43  Observer (Chrono Boost)  
  64  6:46  Adept x2  
  70  6:51  Probe, Pylon  
  70  6:52  Assimilator  
  70  6:53  Probe  
  71  6:57  Assimilator  
  72  7:03  Probe x2  
  72  7:06  Immortal (Chrono Boost)  
  78  7:09  Robotics Bay  
  78  7:11  Protoss Ground Weapons Level 1  
  78  7:15  Probe  
  78  7:17  Probe  
  80  7:27  Probe, Nexus  
  80  7:28  Probe  
  81  7:30  Pylon  
  74  7:47  Probe, Warp Prism (Chrono Boost)  
  74  7:48  Probe  
  74  7:50  Pylon  
  78  7:56  Sentry x2, Pylon  
  82  8:01  Blink  
  82  8:12  Robotics Facility  
  82  8:18  Disruptor (Chrono Boost)  
  85  8:34  Pylon  
  85  8:43  Probe x2  
  85  8:44  Probe  
  85  8:46  Assimilator  
  88  8:49  Assimilator  
  88  8:52  Disruptor (Chrono Boost)  
  88  8:53  Probe x2  
  93  8:56  Probe  
  97  9:04  Probe x2  
  97  9:05  Disruptor (Chrono Boost)  
  97  9:08  Probe  
  97  9:09  Gateway  
  100  9:10  Pylon  
  100  9:11  Stalker x3  
  100  9:14  Probe x2  
  100  9:15  Stalker  
  110  9:20  Probe  
  110  9:21  Protoss Ground Weapons Level 2  
  105  9:49  Adept x3  
  105  9:50  Adept  
  112  9:57  Disruptor (Chrono Boost)  
  115  10:02  Probe x2, Disruptor (Chrono Boost)  
  115  10:03  Probe  
  111  10:13  Probe x2  
  106  10:16  Probe  
  107  10:23  Probe x2  
  107  10:28  Probe  
  108  10:29  Gateway  
  108  10:31  Gateway  
  108  10:32  Gateway  
  108  10:33  Stalker  
  108  10:34  Stalker x2, Gateway  
  114  10:35  Gateway  
  114  10:37  Disruptor (Chrono Boost)  
  117  10:44  Probe  
  117  10:46  Probe  
  117  10:51  Pylon  
  117  10:53  Pylon  
  116  11:13  Stalker x5  
  129  11:26  Disruptor (Chrono Boost)  
  129  11:30  Disruptor (Chrono Boost)  
  132  11:36  Stalker x3  
  132  11:39  Stalker x4  
  131  12:05  Stalker x5  
Tags
 
Add a new tag
Caveats
  • Supply blocks, unpowered buildings, or Contaminate may cause inaccurate times.
  • Supply counts are checked every 10 seconds.